 Dungeon Crawl Stone Soup version 0.29.0-4-gdea44cf6ec (webtiles) character file.

Game seed: 12466746293189974216

104 qw the Chopper (level 4, -7/26 HPs)
             Began as a Tengu Warper on Aug 28, 2022.
             Killed by nerve-wracking pain
             ... invoked by Jessica
              (11 damage)
             ... on level 3 of the Dungeon.
             The game lasted 00:00:15 (3125 turns).

qw the Chopper (Tengu Warper)                       Turns: 3125, Time: 00:00:15

Health: -7/26      AC:  8    Str: 13    XL:     4   Next: 80%
Magic:  8/8        EV:  9    Int: 12    God:
Gold:   133        SH:  0    Dex: 14    Spells: 7/7 levels left

rFire   . . .      SeeInvis .   g - +0 war axe
rCold   + . .      Faith    .   (no shield)
rNeg    . . .      Spirit   .   a - +2 scale mail of Magic {Rampage rC+ Dex-3}
rPois   .          Reflect  .   (helmet restricted)
rElec   .          Harm     .   (no cloak)
rCorr   .          Rampage  +   (no gloves)
Will    .....                   (boots unavailable)
Stlth   ..........              (no amulet)
HPRegen 0.08/turn               (no ring)
MPRegen 0.11/turn               (no ring)

@: no status effects
A: beak, talons 3, agile 1, screaming 1
a: no special abilities


You were on level 3 of the Dungeon.
You visited 1 branch of the dungeon, and saw 3 of its levels.

You collected 133 gold pieces.


Innate Abilities, Weirdness & Mutations

You have a beak for a mouth.
You have claws for feet.
You are agile. (Dex +4, Str/Int -1)
You occasionally shout uncontrollably at your foes.


   Skills:
 - Level 2.0 Fighting
 + Level 5.3 Axes
 - Level 1.0 Throwing
 - Level 1.1 Armour
 - Level 2.1 Dodging
 - Level 2.0 Spellcasting
 - Level 2.4 Translocations


You had 7 spell levels left.
You didn't know any spells.
Your spell library contained the following spells:

 Spells                   Type           Power      Damage    Failure   Level
 Blink                    Tloc           12%        N/A       58%         2
 Gell's Gravitas          Tloc           6%         N/A       83%         3
 Lesser Beckoning         Tloc           6%         N/A       83%         3
 Teleport Other           Tloc           6%         N/A       83%         3
 Manifold Assault         Tloc           6%         N/A       100%        5

Inventory:

Hand Weapons
 g - a +0 war axe (weapon)
 i - a +0 whip
Armour
 a - the +2 scale mail of Magic (worn) {Rampage rC+ Dex-3}
   (You found it on level 2 of the Dungeon)

   Dex:       It affects your dexterity (-3).
   rC:        It protects you from cold.
   Rampage:   It bestows one free step when moving towards enemies.
Scrolls
 b - a scroll of identify
 d - a scroll of enchant armour
 e - a scroll of fear {unknown}
 h - a scroll of poison {unknown}
Potions
 c - 2 potions of curing
 f - a potion of mutation

Dungeon Overview and Level Annotations

Branches:
Dungeon (3/15)

Altars:
Nemelex Xobeh

Annotations:
D:3 3 runed translucent doors, Jessica; qw's ghost, amateur TeWr


Message History

There is a stone staircase leading up here.
An endoplasm comes into view.
The endoplasm quivers.
You hit the endoplasm but do no damage. You claw the endoplasm.
Your peck misses the endoplasm.
The endoplasm is almost dead.
The endoplasm barely misses you.
You barely miss the endoplasm. Your kick misses the endoplasm.
The endoplasm is almost dead.
The endoplasm hits you but does no damage.
You slash the endoplasm!
You kill the endoplasm!
You see here a +0 dagger.
You now have 133 gold pieces (gained 6).
A bat comes into view.
The bat hits you but does no damage.
You closely miss the bat. The bat closely misses you.
The bat hits you but does no damage.
You hit the bat. You peck the bat.
You kill the bat!
You see here a bat corpse.
Jessica the Apprentice Sorceress comes into view.
She is wielding a +1 dagger of speed.
You yell at Jessica!
Found an escape hatch in the floor.
Jessica shouts!
Jessica says, "Why did you come here?"
Jessica grins evilly.
Jessica points at you and mumbles some strange words.
Pain shoots through your body!
3121 ||| FLEEEEING.
3122 ||| FLEEEEING.
Jessica casts a spell.
Jessica seems to speed up.
3123 ||| FLEEEEING.
Jessica casts a spell at you. Pain shoots through your body!
3124 ||| FLEEEEING.
3125 ||| FLEEEEING.
Jessica gestures at you while chanting. Pain shoots through your body!
You die...

##..##.#
#...~~~~~...### #..##.#
#...~~...~~...# #..##.#
#...~~.>.~~...# #..##.#
#...~~..@~~...#
##..##.# #...~~~~~...##
.......####....~~~....#
##..####.###.........##
##..###.#.###.......##
.......###..###.@.###
#######.#.#.###...#
#.##..##...#
#####.###.## #.%...#
#######


You could see Jessica (fast).

Vanquished Creatures
  3 gnolls (D:2)
  An adder (D:3)
  A worm (D:3)
  4 dart slugs
  An orc (D:3)
  4 ball pythons
  9 endoplasms
  A giant cockroach (D:3)
  3 goblins
  5 hobgoblins
  4 jackals (D:3)
  5 kobolds
  3 quokkas
  3 bats
  A frilled lizard (D:2)
  2 rats (D:1)
50 creatures vanquished.

Notes
Turn   | Place    | Note
-------+----------+-------------------------------------------
     0 | D:1      | qw the Tengu Warper began the quest for the Orb.
     0 | D:1      | Reached XP level 1. HP: 12/12 MP: 4/4
     0 | D:1      | 0 ||| qw: Version: 0.1-a-89-g26bdef1
     0 | D:1      | 0 ||| qw: Game counter: 1539
     0 | D:1      | 0 ||| qw: Always use a shield: true
     0 | D:1      | 0 ||| qw: God list: Okawaru
     0 | D:1      | 0 ||| qw: Allow faded altars: false
     0 | D:1      | 0 ||| qw: Do Orc after D:15 true
     0 | D:1      | 0 ||| qw: Do second Lair branch before Depths: true
     0 | D:1      | 0 ||| qw: Lair rune preference: random
     0 | D:1      | 0 ||| qw: Plans: Normal
     0 | D:1      | 0 ||| PLANNING D:1-11
   252 | D:1      | 252 ||| Stepping ~*~*~tactically~*~*~ (stealth).
   255 | D:1      | Reached XP level 2. HP: 10/17 MP: 6/6
   257 | D:1      | Reached skill level 3 in Axes
   766 | D:1      | 766 ||| Stepping ~*~*~tactically~*~*~ (stealth).
   768 | D:1      | 768 ||| Stepping ~*~*~tactically~*~*~ (stealth).
   771 | D:1      | 771 ||| Stepping ~*~*~tactically~*~*~ (stealth).
   776 | D:1      | 776 ||| Stepping ~*~*~tactically~*~*~ (stealth).
   777 | D:1      | 777 ||| Stepping ~*~*~tactically~*~*~ (hiding).
   780 | D:1      | 780 ||| Stepping ~*~*~tactically~*~*~ (hiding).
   787 | D:1      | 787 ||| Stepping ~*~*~tactically~*~*~ (stealth).
   792 | D:1      | Reached XP level 3. HP: 18/21 MP: 7/7
   917 | D:1      | 917 ||| DROPPING +0 club.
   933 | D:1      | 933 ||| Stepping ~*~*~tactically~*~*~ (hiding).
   934 | D:1      | 934 ||| Stepping ~*~*~tactically~*~*~ (hiding).
  1085 | D:1      | Found a faded altar of an unknown god.
  1360 | D:1      | Reached skill level 4 in Axes
  1461 | D:1      | 1461 ||| UPGRADING to +0 ring mail.
  1471 | D:1      | 1471 ||| DROPPING +0 leather armour.
  1472 | D:1      | 1472 ||| READING scroll labelled AMEQ ZUODU.
  1473 | D:1      | 1473 ||| READING scroll labelled OSETTU YVOECK.
  1474 | D:1      | 1474 ||| DROPPING scroll of blinking.
  1591 | D:2      | Identified the +2 scale mail of Magic {Rampage rC+ Dex-3}
  1609 | D:2      | 1609 ||| FLEEEEING.
  1610 | D:2      | 1610 ||| FLEEEEING.
  1611 | D:2      | 1611 ||| FLEEEEING.
  1612 | D:2      | 1612 ||| FLEEEEING.
  1613 | D:2      | 1613 ||| FLEEEEING.
  1614 | D:2      | 1614 ||| FLEEEEING.
  1615 | D:2      | 1615 ||| FLEEEEING.
  1616 | D:2      | 1616 ||| FLEEEEING.
  1617 | D:2      | 1617 ||| FLEEEEING.
  1618 | D:2      | 1618 ||| FLEEEEING.
  1619 | D:2      | 1619 ||| FLEEEEING.
  1620 | D:2      | 1620 ||| FLEEEEING.
  1621 | D:2      | 1621 ||| FLEEEEING.
  1622 | D:2      | 1622 ||| FLEEEEING.
  1623 | D:2      | 1623 ||| FLEEEEING.
  1624 | D:2      | 1624 ||| FLEEEEING.
  1625 | D:2      | 1625 ||| FLEEEEING.
  1626 | D:2      | 1626 ||| FLEEEEING.
  1627 | D:2      | 1627 ||| FLEEEEING.
  1629 | D:2      | 1629 ||| FLEEEEING.
  1632 | D:2      | 1632 ||| FLEEEEING.
  1633 | D:2      | 1633 ||| FLEEEEING.
  1634 | D:2      | 1634 ||| FLEEEEING.
  1635 | D:2      | 1635 ||| STAIRDANCE
  1675 | D:1      | 1675 ||| UPGRADING to +2 scale mail of Magic {Rampage rC+
                  | Dex-3}.
  1685 | D:1      | 1685 ||| DROPPING +0 ring mail.
  1699 | D:2      | 1699 ||| STAIRDANCE
  1932 | D:2      | Reached XP level 4. HP: 26/26 MP: 8/8
  2085 | D:2      | 2085 ||| Stepping ~*~*~tactically~*~*~ (stealth).
  2163 | D:2      | 2163 ||| READING scroll labelled DIAGAU LIKAERCH.
  2304 | D:2      | 2304 ||| DRINKING 2 bubbling grey potions.
  2305 | D:2      | 2305 ||| DRINKING 2 sedimented brown potions.
  2305 | D:2      | Gained mutation: You occasionally shout uncontrollably at
                  | your foes. [potion of mutation]
  2305 | D:2      | Gained mutation: You are agile. (Dex +4, Str/Int -1)
                  | [potion of mutation]
  2471 | D:3      | Reached skill level 5 in Axes
  2599 | D:3      | 2599 ||| SWAPPING to +0 war axe.
  2603 | D:3      | 2603 ||| DROPPING +0 hand axe.
  2604 | D:3      | 2604 ||| Stepping ~*~*~tactically~*~*~ (stealth).
  2620 | D:3      | Found a runed translucent gate.
  2620 | D:3      | Found a runed translucent gate.
  2621 | D:3      | Found a runed translucent gate.
  2621 | D:3      | Noticed qw's ghost (amateur TeWr)
  2627 | D:3      | 2627 ||| Stepping ~*~*~tactically~*~*~ (hiding).
  2800 | D:3      | Found a sparkling altar of Nemelex Xobeh.
  3114 | D:3      | Noticed Jessica
  3121 | D:3      | 3121 ||| FLEEEEING.
  3122 | D:3      | 3122 ||| FLEEEEING.
  3123 | D:3      | 3123 ||| FLEEEEING.
  3123 | D:3      | HP: 4/26 [Jessica/nerve-wracking pain (12)]
  3124 | D:3      | 3124 ||| FLEEEEING.
  3125 | D:3      | 3125 ||| FLEEEEING.
  3125 | D:3      | Killed from afar by Jessica

Levels and vault maps discovered:
D:1:      elethiomel_arrival_maze, layout_loops_ring, basic_ecumenical_altar
D:2:      layout_basic
D:3:      layout_loops_ring, tgw_sif, nicolae_elyvilon_temple_path,
          nicolae_overflow_crystal_walls, gammafunk_ghost_split

Skill      XL: |  1  2  3  4 |
---------------+-------------+-----
Axes           | 3 4 5 |  5.3
Fighting       | |  2.0
Throwing       | |  1.0
Armour         | |  1.1
Dodging        | |  2.1
Spellcasting   | |  2.0
Translocations | |  2.4

Action                   |  1- 3 |  4- 6 || total
-------------------------+-------+-------++-------
Melee: Hand axe          |    73 |    14 ||    87
       Kick              |    16 |     9 ||    25
       Peck              |    11 |     7 ||    18
       War axe           |       |    26 ||    26
Throw: Boomerang         |     7 |       ||     7
  Use: Scroll            |     2 |     1 ||     3
       Potion            |       |     2 ||     2
Armor: Leather armour    |    11 |       ||    11
       Scale mail        |     6 |    17 ||    23
       Ring mail         |     2 |       ||     2
Dodge: Dodged            |    31 |    12 ||    43

Table legend:
 A = Non-vault XP
 B = Vault XP
 C = Vault XP percentage of total XP
 D = Non-vault monster count
 E = Vault monster count
 F = Vault count percentage of total count
                 A         B        C        D         E       F
            +---------+---------+-------+---------+---------+-------
      Total |     149 |       0 |   0.0 |      50 |       0 |   0.0
            +---------+---------+-------+---------+---------+-------
        D:1 |      46 |       0 |   0.0 |      24 |       0 |   0.0
        D:2 |      51 |       0 |   0.0 |       8 |       0 |   0.0
        D:3 |      52 |       0 |   0.0 |      18 |       0 |   0.0
            +---------+---------+-------+---------+---------+-------
